 Dungeon Crawl Stone Soup version 0.28.0-1-gb440e238dd (webtiles) character file.

Game seed: 1711532472834088027

96411 spaghetti the Tortoise (level 15, -6/101 HPs)
             Began as a Demonspawn Fighter on Feb 20, 2022.
             Was an Initiate of Gozag.
             Mangled by a vampire mage (8 damage)
             ... on level 4 of the Abyss.
             The game lasted 00:53:26 (27405 turns).

spaghetti the Tortoise (Demonspawn Fighter)        Turns: 27405, Time: 00:53:27

Health: -6/101     AC: 42    Str: 29 (33) XL:     15   Next: 69%
Magic:  15/15      EV: 13    Int:  5 (6)  God:    Gozag
Gold:   3329       SH:  0    Dex: 16      Spells: 14/14 levels left

rFire   . . .      SeeInvis .   k - +11 whip of Extremism {venom, rPois}
rCold   . . .      Faith    .   c - +0 buckler
rNeg    . . .      Spirit   .   D - +4 ring mail "Vafulluuc" {rElec Slay+3}
rPois   +          Reflect  +   h - +2 helmet
rElec   +          Harm     .   E - +2 cloak
rCorr   .          Rampage  +   j - +0 pair of gloves {Str+3}
Will    +....                   z - +2 pair of boots {rampage}
Stlth   ..........              q - amulet of reflection
HPRegen 0.26/turn               o - ring "Vosuag" {rElec AC+4 Dex+2}
MPRegen 0.14/turn               C - +6 ring of strength

@: confused, lethally poisoned (-6 -> -36), about to teleport, sanguine
armoured, hasted and slowed, studying Long Blades
A: foul stench 3, powered by death 2, sanguine armour 3, strong 1, devolution 1,
[deterioration 2], [dopey 2], [frail 2]
a: Renounce Religion, Potion Petition, Call Merchant, Bribe Branch


You were on level 4 of the Abyss.
You worshipped Gozag.
Gozag was most pleased with you.
You visited 4 branches of the dungeon, and saw 23 of its levels.
You visited the Abyss 1 time.

You collected 8239 gold pieces.
You spent 1528 gold pieces at shops.
You paid 3382 gold pieces to Gozag.

Inventory:

Hand Weapons
 k - the +11 whip of Extremism (weapon) {venom, rPois}
   (You took it off a hobgoblin on level 2 of the Dungeon)

   It poisons the flesh of those it strikes.
   rPois:     It protects you from poison.
 l - the +6 hand axe "Dutergh" {pain, *Slow rPois Int+5}
   (You found it on level 6 of the Dungeon)

   In the hands of one skilled in necromantic magic, it inflicts extra damage on
   living creatures.
   Int:       It affects your intelligence (+5).
   rPois:     It protects you from poison.
   *Slow:     It may slow you when you take damage.
 F - the +6 long sword of Myawn {speed, Int+3}
   (You found it on level 5 of the Dungeon)

   Attacks with this weapon are significantly faster.
   Int:       It affects your intelligence (+3).
Missiles
 b - 29 poisoned darts (quivered)
 u - 2 throwing nets
Armour
 c - a +0 buckler (worn)
 h - a +2 helmet (worn)
 j - a +0 pair of gloves of strength (worn)
 z - a +2 pair of boots of rampaging (worn)
 B - the +0 leather armour "Ynecous" {Str+3 Dex+3}
   (You found it on level 4 of the Dungeon)

   Str:       It affects your strength (+3).
   Dex:       It affects your dexterity (+3).
 D - the +4 ring mail "Vafulluuc" (worn) {rElec Slay+3}
   (You bought it in a shop on level 2 of the Orcish Mines)

   Slay:      It affects your accuracy & damage with ranged weapons and melee
   (+3).
   rElec:     It insulates you from electricity.
 E - a +2 cloak (worn)
Jewellery
 g - a ring of protection from fire
 o - the ring "Vosuag" (left hand) {rElec AC+4 Dex+2}
   (You acquired it on level 1 of the Lair of Beasts)

   [ring of protection]

   AC:        It affects your AC (+4).
   Dex:       It affects your dexterity (+2).
   rElec:     It insulates you from electricity.
 q - an amulet of reflection (around neck)
 t - a ring of see invisible
 C - a +6 ring of strength (right hand)
 U - an amulet of the acrobat
 V - a ring of ice
Wands
 d - a wand of iceblast (11)
 s - a wand of polymorph (18)
 H - a wand of flame (21)
 K - a wand of paralysis (7)
 N - a wand of mindburst (3)
 Q - a wand of digging (6)
 S - a wand of acid (7)
Scrolls
 e - 2 scrolls of holy word
 m - 4 scrolls of fog
 r - 7 scrolls of enchant weapon
 v - 3 scrolls of magic mapping
 x - a scroll of enchant armour
 A - a scroll of summoning
 I - a scroll of silence
 L - 4 scrolls of amnesia
 O - 3 scrolls of teleportation
 W - 2 scrolls of immolation
Potions
 a - 3 potions of brilliance
 f - 3 potions of haste
 i - 5 potions of curing
 n - a potion of cancellation
 p - 4 potions of degeneration
 w - 7 potions of ambrosia
 G - 2 potions of resistance
 J - 2 potions of mutation
 P - 2 potions of flight
Miscellaneous
 T - a piece from Xom's chessboard (15/15)


   Skills:
 + Level 14.4 Fighting
 - Level 4.5 Long Blades
 - Level 3.1 Maces & Flails
 - Level 19.0 Armour
 + Level 5.0 Dodging
 - Level 13.0 Shields
 - Level 5.1 Necromancy


You had 14 spell levels left.
You didn't know any spells.
Your spell library contained the following spells:

 Spells                   Type           Power      Damage    Failure   Level
 Magic Dart               Conj           0%         1d3       61%         1
 Sandblast                Erth           0%         2d4       61%         1
 Shock                    Conj/Air       0%         1d3       61%         1
 Passwall                 Tmut/Erth      0%         N/A       75%         2
 Scorch                   Fire           0%         2d5       75%         2
 Searing Ray              Conj           0%         2d4       75%         2
 Call Canine Familiar     Summ           0%         N/A       93%         3
 Confusing Touch          Hex            0%         N/A       93%         3
 Ozocubu's Armour         Ice            0%         N/A       93%         3
 Stone Arrow              Conj/Erth      0%         3d7       93%         3
 Swiftness                Air            0%         N/A       93%         3
 Airstrike                Air            0%         N/A       100%        4
 Flame Wave               Conj/Fire      0%         2d4       100%        4
 Fulminant Prism          Conj/Hex       0%         3d6       100%        4
 Fireball                 Conj/Fire      0%         3d3       100%        5
 Iskenderun's Battlesphe  Conj           0%         2d6       100%        5
 Yara's Violent Unravell  Hex/Tmut       0%         3d3       100%        5
 Conjure Ball Lightning   Conj/Air       0%         3x3d6     100%        6
 Summon Cactus Giant      Summ           0%         N/A       100%        6
 Enfeeble                 Hex            0%         N/A       100%        7
 Orb of Destruction       Conj           0%         9d5       100%        7
 Ozocubu's Refrigeration  Ice            0%         4d5       100%        7


Dungeon Overview and Level Annotations

Branches:
Dungeon (14/15)            Temple (0/1) D:4            Lair (6/6) D:8
  Swamp (0/4) Lair:2       Spider (0/4) Lair:2        Slime (0/5) Lair:5
    Orc (2/2) D:10            Elf (1/3) Orc:2        Vaults (0/5) D:14

Altars:
Ashenzari
Elyvilon
Gozag
Makhleb
Nemelex Xobeh
Qazlal
Ru
Trog
Wu Jian
Yredelemnul
The Shining One
Beogh
Jiyva
Lugonu

Shops:
D:4 *   D:5 !   D:8 =[   Orc:1 *   Orc:2 [!(:

Portals:
Abyss: Lair:6

Annotations:
Lair:1 3 runed translucent doors, Ceckukk's ghost, journeyman GrEE; Vianisch's ghost, novice MiBe; yahweh's ghost, novice MiBe
Lair:4 exclusion: oklob plant
Lair:5 1 runed translucent door
Orc:2 3 runed translucent doors, DemonSlayer's ghost, journeyman DECj


Innate Abilities, Weirdness & Mutations

You frequently emit foul miasma when damaged in melee.
You regenerate health from kills.
When seriously injured, your blood forms very thick armour. (AC +12)
Your muscles are strong. (Str +2)
You have hidden genetic defects.
[Your body often deteriorates upon taking damage.]
[You are very dopey. (Int -4)]
[You are very frail. (-20% HP)]


Message History

* * * LOW HITPOINT WARNING * * *
The vampire mage hits you but does no damage.
The vampire mage bites you.
* * * LOW HITPOINT WARNING * * *
The vampire mage draws strength from your injuries!
You emit a cloud of foul miasma!
The sphinx hits you but does no damage. The sphinx closely misses you.
The sphinx misses you. The green draconian monk hits you!
* * * LOW HITPOINT WARNING * * *
Your body deteriorates!
You feel weakened.
You emit a cloud of foul miasma!
The green draconian monk kicks you but does no damage.
The green draconian monk tail-slaps you but does no damage.
You block the green draconian monk's attack.
The great orb of eyes moves out of view.
Found a scroll of magic mapping and the Volume of Clay. [a] - 160 gold - heal wounds and curing [b] - 450 gold - haste and heal wounds [c] - 812 gold - haste, resistance and invisibility Purchase which effect?
You feel yourself speed up.
You feel much better.
The sphinx mumbles some strange words.
You are confused.
The orc sorcerer hits you but does no damage.
The vampire mage barely misses you.
The vampire mage bites you but does no damage.
The green draconian monk is engulfed in dark miasma.
The green draconian monk is poisoned.
The green draconian monk hits you.
The green draconian monk kicks you but does no damage.
The green draconian monk tail-slaps you but does no damage.
The green draconian monk tail-slaps you.
* * * LOW HITPOINT WARNING * * *
You are lethally poisoned!
The green draconian monk poisons you!
The sphinx hits you but does no damage. x3
The orc sorcerer points at you and mumbles some strange words.
The bolt of fire hits you!!
* * * LOW HITPOINT WARNING * * *
The vampire mage hits you!
You die...
Your body crumbles into a pile of gold.

#++ #
##.####.#
#.⌠.....#.
#§.....q .
##†### .
#.V@#.
#..oHq.S#
##...#..§?:.
#####..#...
.# ≈# .. §.
#..


You could see a green draconian monk (poisoned), a sphinx, a vampire mage, a
guardian serpent and an orc sorcerer.

Vanquished Creatures
  Rupert (Lair:3)
  Gastronok (Lair:3)
  A cacodemon (Abyss:4)
  A minotaur (shapeshifter) (Lair:6)
  Erolcha (D:10)
  A boulder beetle (D:14)
  5 catoblepae
  7 centaur warriors
  10 hydras
  5 two-headed ogres
  9 death yaks
  Urug (D:13)
  A hell hog (Abyss:4)
  3 orc high priests
  3 thrashing horrors (Lair:6)
  A wretched star (Abyss:4)
  5 orc knights
  5 deep elf pyromancers
  A wolf spider (shapeshifter) (Lair:6)
  4 deep elf zephyrmancers
  An ugly thing (D:13)
  4 orc sorcerers
  A wolf spider (D:9)
  3 cyclopes
  A manticore (D:11)
  7 black mambas
  7 elephants
  2 smoke demons (Lair:6)
  Joseph (D:9)
  A gargoyle (D:11)
  3 unseen horrors
  15 cane toads
  4 rime drakes
  5 kobold demonologists (D:11)
  16 komodo dragons
  A meliai (shapeshifter) (D:9)
  An ancient zyme (Lair:6)
  A queen bee (D:11)
  A hornet (D:7)
  9 trolls
  67 blink frogs
  2 raiju (Abyss:4)
  A jumping spider (Lair:2)
  2 shadows
  3 wraiths
  34 yaks
  3 spriggans
  3 wyverns
  2 ynoxinuls (Lair:6)
  7 basilisks
  2 chaos spawn
  12 vampire mosquitoes
  Grum (D:8)
  An acid dragon (D:12)
  5 swamp worms (Lair:2)
  16 water moccasins
  5 large abominations
  5 black bears
  14 orc warriors
  2 sky beasts
  5 ogres
  10 wolves
  21 centaurs
  A phantom (D:4)
  4 kobold brigands
  11 bullfrogs
  A gnoll sergeant (D:8)
  7 scorpions
  A wyvern zombie (D:8)
  An earth elemental (Elf:1)
  14 small abominations
  A water moccasin skeleton (D:5)
  28 killer bees (D:11)
  5 wights
  11 howler monkeys
  An electric eel (Lair:2)
  A centaur zombie (D:7)
  9 hounds
  21 orc priests
  3 iron imps (D:6)
  An iguana (D:4)
  Ijyb (D:4)
  25 orc wizards
  A howler monkey zombie (D:9)
  Robin (D:2)
  7 gnolls
  8 adders
  A white imp (D:4)
  An ufetubus (D:4)
  An adder zombie (D:5)
  3 worms
  2 dart slugs
  49 orcs
  3 endoplasms
  7 giant cockroaches
  19 goblins
  13 hobgoblins
  3 jackals (D:1)
  4 kobolds
  3 quokkas
  14 ball pythons
  10 bats
  3 frilled lizards
  A quokka skeleton (D:4)
  8 rats
682 creatures vanquished.

Vanquished Creatures (collateral kills)
  A troll (D:9)
1 creature vanquished.

Vanquished Creatures (others)
  A dancing weapon (Elf:1)
  An unseen horror (Abyss:4)
  A wolf (Lair:6)
  An orc priest (Orc:2)
  An orc wizard (Orc:2)
  45 fungi
  61 plants
111 creatures vanquished.

Grand Total: 794 creatures vanquished

Notes
Turn   | Place    | Note
-------+----------+-------------------------------------------
     0 | D:1      | spaghetti the Demonspawn Fighter began the quest for the
                  | Orb.
     0 | D:1      | Reached XP level 1. HP: 18/18 MP: 1/1
    97 | D:1      | You fall into a shaft and drop 1 floor!
   111 | D:2      | Gained mutation: You may rarely emit foul miasma when
                  | damaged in melee. [demonic ancestry]
   111 | D:2      | Reached XP level 2. HP: 15/24 MP: 2/2
   244 | D:2      | Gained mutation: You regenerate a little health from kills.
                  | [demonic ancestry]
   244 | D:2      | Reached XP level 3. HP: 28/29 MP: 3/3
   253 | D:2      | Gained mutation: You sometimes emit foul miasma when
                  | damaged in melee. [demonic ancestry]
   253 | D:2      | Reached XP level 4. HP: 13/35 MP: 4/4
   476 | D:2      | Noticed Robin
   487 | D:2      | Killed Robin
   720 | D:2      | Identified the +11 whip of Extremism {venom, rPois}
   880 | D:2      | Noticed an ogre
  1382 | D:2      | Reached XP level 5. HP: 41/41 MP: 5/5
  1600 | D:2      | Killed an ogre
  1601 | D:2      | Reached skill level 3 in Armour
  1723 | D:3      | Reached XP level 6. HP: 38/48 MP: 6/6
  1981 | D:3      | Reached skill level 4 in Armour
  2569 | D:4      | Noticed Ijyb
  2580 | D:4      | Found an opulent altar of Gozag.
  2596 | D:4      | Killed Ijyb
  2603 | D:4      | Found a sacrificial altar of Ru.
  2603 | D:4      | Found a stormy altar of Qazlal.
  2611 | D:4      | Became a worshipper of Gozag Ym Sagoz the Greedy
  2648 | D:4      | Reached skill level 1 in Maces & Flails
  2655 | D:4      | Found a staircase to the Ecumenical Temple.
  2776 | D:4      | Gained mutation: When seriously injured, your blood forms
                  | armour. (AC +12) [demonic ancestry]
  2776 | D:4      | Reached XP level 7. HP: 55/55 MP: 7/7
  2783 | D:4      | Reached skill level 5 in Fighting
  2841 | D:4      | Found Kiff's General Store.
  3044 | D:4      | Found a broken altar of Ashenzari.
  3048 | D:4      | Saw a vision of the Swamp and the Spider Nest.
  3048 | D:4      | Noticed a redback
  3048 | D:4      | Noticed a redback
  3048 | D:4      | Noticed a redback
  3048 | D:4      | Noticed a redback
  3048 | D:4      | Noticed a vampire mosquito
  3048 | D:4      | Noticed a vampire mosquito
  3048 | D:4      | Noticed a vampire mosquito
  3048 | D:4      | Noticed a vampire mosquito
  3048 | D:4      | Noticed a will-o-the-wisp
  3048 | D:4      | Noticed an alligator
  3205 | D:4      | Bought a +2 pair of boots of rampaging for 215 gold pieces
  3279 | D:4      | Identified the +0 leather armour "Ynecous" {Str+3 Dex+3}
  3372 | D:5      | Entered Level 5 of the Dungeon
  3552 | D:5      | Reached skill level 5 in Armour
  3594 | D:5      | Found a bloodstained altar of Trog.
  3675 | D:5      | Reached XP level 8. HP: 64/64 MP: 8/8
  3738 | D:5      | Identified the +6 long sword of Myawn {speed, Int+3}
  3910 | D:5      | Found Noweduwn's Distillery.
  4141 | D:5      | Identified the +0 robe of Unreason {Will+ Regen+}
  4209 | D:6      | Reached skill level 6 in Armour
  4391 | D:6      | Found a basalt altar of Yredelemnul.
  4556 | D:6      | Found a burning altar of Makhleb.
  4731 | D:6      | Identified the +6 hand axe "Dutergh" {pain, *Slow rPois
                  | Int+5}
  4904 | D:7      | Reached skill level 7 in Armour
  4975 | D:7      | Gained mutation: You regenerate health from kills. [demonic
                  | ancestry]
  4975 | D:7      | Reached XP level 9. HP: 73/74 MP: 9/9
  5261 | D:8      | Found a staircase to the Lair.
  5330 | D:8      | Noticed an unseen horror
  5348 | Lair:1   | Entered Level 1 of the Lair of Beasts
  5365 | Lair:1   | Reached skill level 8 in Armour
  5378 | Lair:1   | Noticed a komodo dragon
  5378 | Lair:1   | Noticed a komodo dragon
  5378 | Lair:1   | Noticed a cane toad
  5407 | D:8      | Killed a komodo dragon
  5512 | D:8      | Killed an unseen horror
  5634 | D:8      | Reached skill level 9 in Armour
  5637 | D:8      | Found Plog's Jewellery Shoppe.
  5675 | D:8      | Reached XP level 10. HP: 63/85 MP: 10/10
  5806 | D:8      | Reached skill level 10 in Fighting
  6080 | D:8      | Noticed Grum
  6084 | D:8      | Killed Grum
  6215 | D:8      | Found Sifuthel's Armour Shop.
  6251 | D:8      | Found a sparkling altar of Nemelex Xobeh.
  6395 | D:9      | Noticed a wolf spider
  6706 | Lair:1   | Killed a cane toad
  6860 | D:4      | Bought 2 potions of mutation for 160 gold pieces
  6860 | D:4      | Gained mutation: Your flesh is cold resistant. (rC+)
                  | [potion of mutation]
  6861 | D:4      | Lost mutation: Your flesh is cold resistant. (rC+) [potion
                  | of mutation]
  6861 | D:4      | Gained mutation: Your natural rate of healing is unusually
                  | fast. [potion of mutation]
  6861 | D:4      | Gained mutation: You are clumsy. (Dex -2) [potion of
                  | mutation]
  6861 | D:4      | Lost mutation: Your natural rate of healing is unusually
                  | fast. [potion of mutation]
  6861 | D:4      | Gained mutation: Your flesh is heat resistant. (rF+)
                  | [potion of mutation]
  6862 | D:4      | Lost mutation: Your flesh is heat resistant. (rF+) [potion
                  | of mutation]
  6862 | D:4      | Lost mutation: You are clumsy. (Dex -2) [potion of
                  | mutation]
  6862 | D:4      | Gained mutation: A frigid envelope surrounds you and
                  | freezes all who hurt you. [potion of mutation]
  6862 | D:4      | Gained mutation: [You are dopey. (Int -2)] [potion of
                  | mutation]
  6862 | D:4      | Gained mutation: You tend to lose your temper in combat.
                  | [potion of mutation]
  7035 | Lair:1   | Reached skill level 10 in Armour
  7247 | Lair:1   | Noticed a cane toad
  7255 | Lair:1   | Killed a cane toad
  7501 | D:8      | Bought a +2 cloak for 214 gold pieces
  7566 | Lair:1   | Identified 2 scrolls of acquirement
  7568 | Lair:1   | Acquired the ring "Vosuag" {rElec AC+4 Dex+2}
  7572 | Lair:1   | Acquired a manual of Shields
  7604 | Lair:1   | Gained mutation: When seriously injured, your blood forms
                  | thick armour. (AC +12) [demonic ancestry]
  7604 | Lair:1   | Reached XP level 11. HP: 46/95 MP: 11/11
  7899 | Lair:1   | Reached skill level 11 in Armour
  7899 | Lair:1   | Reached skill level 5 in Shields
  8106 | Lair:1   | Found a runed translucent gate.
  8106 | Lair:1   | Found a runed translucent gate.
  8106 | Lair:1   | Found a runed translucent gate.
  8107 | Lair:1   | Noticed Vianisch's ghost (novice MiBe)
  8107 | Lair:1   | Noticed yahweh's ghost (novice MiBe)
  8108 | Lair:1   | Noticed Ceckukk's ghost (journeyman GrEE)
  8294 | Lair:2   | Reached skill level 1 in Necromancy
  8434 | Lair:2   | Lost mutation: A frigid envelope surrounds you and freezes
                  | all who hurt you. [potion of mutation]
  8434 | Lair:2   | Lost mutation: You tend to lose your temper in combat.
                  | [potion of mutation]
  8434 | Lair:2   | Lost mutation: [You are dopey. (Int -2)] [potion of
                  | mutation]
  8434 | Lair:2   | Gained mutation: Your muscles are strong. (Str +2) [potion
                  | of mutation]
  8443 | Lair:2   | Found a hole to the Spider Nest.
  9319 | Lair:2   | Noticed a five-headed hydra
  9329 | Lair:2   | Killed a five-headed hydra
  9330 | Lair:2   | Reached skill level 5 in Necromancy
  9492 | Lair:2   | Found a staircase to the Swamp.
  9594 | Lair:2   | Reached XP level 12. HP: 62/102 MP: 12/12
  9599 | Lair:2   | Reached skill level 12 in Armour
 10099 | Lair:3   | Reached skill level 10 in Shields
 10235 | Lair:3   | Noticed a death yak
 10237 | Lair:3   | Noticed a death yak
 10237 | Lair:3   | Noticed a death yak
 10237 | Lair:3   | Noticed a death yak
 10237 | Lair:3   | Noticed a death yak
 10238 | Lair:3   | Noticed a death yak
 10248 | Lair:3   | Killed a death yak
 10254 | Lair:3   | Killed a death yak
 10265 | Lair:3   | Killed a death yak
 10312 | Lair:3   | Noticed Rupert
 10319 | Lair:3   | Killed a death yak
 10351 | Lair:3   | Killed a death yak
 10359 | Lair:3   | Killed a death yak
 10360 | Lair:3   | Reached skill level 13 in Armour
 10677 | Lair:3   | Noticed a catoblepas
 10709 | Lair:3   | Killed a catoblepas
 11073 | Lair:4   | Noticed a six-headed hydra
 11087 | Lair:4   | Killed a six-headed hydra
 11274 | Lair:4   | Noticed an eight-headed hydra
 11291 | Lair:4   | Killed an eight-headed hydra
 11461 | Lair:4   | Gained mutation: When seriously injured, your blood forms
                  | very thick armour. (AC +12) [demonic ancestry]
 11461 | Lair:4   | Reached XP level 13. HP: 108/108 MP: 13/13
 11696 | Lair:4   | Found an opulent altar of Gozag.
 12904 | Lair:5   | Reached skill level 14 in Armour
 13054 | Lair:5   | Found a runed translucent door.
 13054 | Lair:5   | Found a viscous altar of Jiyva.
 13055 | Lair:5   | Found a staircase to the Slime Pits.
 13148 | Lair:6   | Entered Level 6 of the Lair of Beasts
 13758 | Lair:6   | Reached skill level 15 in Armour
 14611 | Lair:6   | Reached skill level 16 in Armour
 15079 | Lair:6   | Gained mutation: You frequently emit foul miasma when
                  | damaged in melee. [demonic ancestry]
 15079 | Lair:6   | Reached XP level 14. HP: 91/115 MP: 14/14
 15522 | Lair:6   | Reached skill level 17 in Armour
 15603 | Lair:6   | Found a corrupted altar of Lugonu.
 15603 | Lair:6   | Found a one-way gate to the infinite horrors of the Abyss.
 16421 | Lair:3   | Killed Rupert
 16828 | Lair:3   | Noticed Gastronok
 16841 | Lair:3   | Killed Gastronok
 17321 | Lair:3   | You fall into a shaft and drop 3 floors!
 17583 | Lair:3   | Acquired 742 gold pieces
 17822 | D:9      | Reached skill level 18 in Armour
 17939 | D:9      | Identified the +2 steam dragon scales "Kuviwewow" {Regen+
                  | Int+4}
 17942 | D:9      | Noticed Joseph
 17955 | D:9      | Killed Joseph
 18217 | D:9      | Found an ornate altar of the Wu Jian Council.
 18289 | D:10     | Entered Level 10 of the Dungeon
 18290 | D:10     | Found a staircase to the Orcish Mines.
 18420 | D:10     | Noticed Erolcha
 18435 | D:10     | Killed Erolcha
 19747 | D:11     | Identified the +2 shortbow "Hell-Harrower" {venom, Str+3
                  | Int+4}
 19898 | Orc:1    | Entered Level 1 of the Orcish Mines
 20018 | Orc:1    | Paralysed by an orc sorcerer for 3 turns
 20850 | Orc:1    | Found Kagodasoo's Assorted Antiques.
 20861 | Orc:1    | Bought a scroll of enchant weapon for 180 gold pieces
 20963 | Orc:2    | Entered Level 2 of the Orcish Mines
 20963 | Orc:2    | Found a staircase to the Elven Halls.
 21115 | Orc:1    | Reached XP level 15. HP: 42/123 MP: 15/15
 21605 | Orc:2    | Found a flickering gateway to a bazaar.
 21643 | Orc:2    | Found a runed translucent gate.
 21643 | Orc:2    | Found a runed translucent gate.
 21643 | Orc:2    | Found a runed translucent gate.
 21671 | Orc:2    | Noticed DemonSlayer's ghost (journeyman DECj)
 22169 | Orc:2    | Paralysed by an orc sorcerer for 7 turns
 22626 | Orc:2    | Paralysed by an orc sorcerer for 3 turns
 23605 | Orc:2    | Found Gummufoc's Antique Weapon Shoppe.
 23605 | Orc:2    | Found Otzyrrow's Book Boutique.
 23622 | Orc:2    | Found Kaump's Distillery.
 23622 | Orc:2    | Found Zulyntink's Armour Shoppe.
 23632 | Orc:2    | Bought the +4 ring mail "Vafulluuc" {rElec Slay+3} for 759
                  | gold pieces
 23952 | D:12     | Reached skill level 1 in Dodging
 24899 | D:13     | Noticed Urug
 24907 | D:13     | Killed Urug
 25491 | D:14     | Reached skill level 19 in Armour
 26065 | D:14     | Found a gate to the Vaults.
 26375 | Elf:1    | Entered Level 1 of the Elven Halls
 26848 | Elf:1    | Reached skill level 5 in Dodging
 26861 | Elf:1    | Noticed a deep elf sorcerer
 26861 | Elf:1    | Cast into level 4 of the Abyss (a deep elf sorcerer)
 27028 | Abyss:4  | Found a corrupted altar of Lugonu.
 27089 | Abyss:4  | Noticed a deep elf sorcerer
 27172 | Abyss:4  | Got Quth's Incunabulum of Companions
 27175 | Abyss:4  | Gained mutation: You have hidden genetic defects. [a
                  | cacodemon]
 27303 | Abyss:4  | HP: 3/101 [hell hog/fireball (8)]
 27400 | Abyss:4  | Noticed a green draconian monk
 27403 | Abyss:4  | Noticed a sphinx
 27404 | Abyss:4  | HP: 5/101 [green draconian monk (15)]
 27405 | Abyss:4  | HP: 2/101 [orc sorcerer/bolt of fire (26)]
 27405 | Abyss:4  | Mangled by a vampire mage

Illustrated notes

Levels and vault maps discovered:
D:1:      wander_arrival_peaceful_grave, layout_loops_cross
D:2:      layout_rooms, minmay_misc_feat_chi, uniq_robin
D:3:      layout_loops_ring, portal_sewer_entry_e
D:4:      minmay_opposing_rooms, layout_loops_ring, grunt_ashenzari_visionary
          [grunt_ashenzari_visionary_swamp, grunt_ashenzari_visionary_spider],
          grunt_temple_overflow_open, minmay_temple_entry_mini_moons,
          serial_shops, nicolae_shop_advertising_works
          [nicolae_subvault_shop_adworks], uniq_ijyb
D:5:      layout_gridville, trog_three_pillars_becter, tso_oasis_becter,
          serial_shops, nicolae_take_the_stairs
D:6:      layout_rooms, amcnicky_altar_gilded, demons_altar
D:7:      layout_cave_pools
D:8:      layout_cave_pools, kennysheep_mini_moat, lair_entry_dummy,
          serial_gnoll_camp, grums_kennel, gnoll_camp_mini_hut,
          gnoll_camp_mini_shop, gnoll_camp_mini_shop
D:9:      minmay_the_grid_four_pointed_star_mashed
          [minmay_the_grid_triangle_9x9_dagger,
          minmay_the_grid_triangle_9x9_stretched_checkered,
          minmay_the_grid_triangle_9x9_zippers_horizontal,
          minmay_the_grid_triangle_9x9_sparse_checkered,
          minmay_the_grid_prize_diamond_cup], layout_small_grid,
          nicolae_wu_jian_immortal_techniques, uniq_grum, uniq_joseph
D:10:     old_forge, layout_gridville, david_orc_2,
          hangedman_decor_clover_reticule, uniq_erolcha
D:11:     layout_roguey [special_room_bee], kennysheep_path_1
D:12:     layout_roguey, gauntlet_entry_generic
D:13:     layout_roguey, uniq_urug
D:14:     layout_roguey, david_vaults_1
Lair:1:   layout_gridlike, gammafunk_ghost_cemetery, st_stairs_3,
          beast_lair_carwin_7, serial_bayou_shore_b
Lair:2:   layout_regular_city, nicolae_swamp_entry_splash_gauntlet,
          spider_nest_entry_rubble, grunt_forest_large_clearing_hut,
          grunt_megastairs_2
Lair:3:   layout_cave_pods, uniq_rupert, uniq_gastronok
Lair:4:   layout_small_grid, basic_altar, infiniplex_staircase_pool,
          grunt_megastairs_4
Lair:5:   hellmonk_warped_wall, layout_concentric_octagons, slime_altar_2,
          beast_lair_carwin_2, serial_bayou_shore_a
Lair:6:   hellmonk_lair_end_abyssal_woods, layout_regular_city, basic_altar,
          serial_bayou_ford_a
Orc:1:    layout_caves, serial_shops, shop
Orc:2:    grunt_orc_tribal_feast, layout_caves, serial_shops, bzr_entry_islet,
          maelrawn_ghost_gauntlet_escape, basic_altar
Elf:1:    layout_loops_corners, minmay_elf_sorcery,
          nicolae_elf_vaults_five_recruitment_drive, minmay_shop_grove
Abyss:4:  base: Lair:4, guppyfry_abyss_exit_imp_island, evilmike_abyss_exit_13,
          hangedman_abyss_feature_spike, hangedman_abyss_feature_spike,
          hangedman_classic_abyss_death, gammafunk_abyss_rune_reverse_zot,
          evilmike_abyss_exit_mutagenic, evilmike_abyss_rune_elephants_shrine,
          evilmike_abyss_exit_chaos, dshaligram_kb_abyss_rune_zappy_water_cross,
          grunt_abyss_exit_deep_breaths, evilmike_abyss_exit_mutagenic,
          guppyfry_abyss_exit_imp_island, hangedman_abyss_lost_library

Skill      XL: |  1  2  3  4  5  6  7  8  9 10 11 12 13 14 15 |
---------------+----------------------------------------------+-----
Long Blades    | 2 3 4 |  4.5
Armour         | 3 4 5 7 9 10 11 13 16 18 19 | 19.0
Fighting       | 4 5 7 9 11 12 13 14 | 14.4
Maces & Flails | 1 3 |  3.1
Shields        | 3 8 12 13 | 13.0
Necromancy     | 5 |  5.1
Dodging        | 5 |  5.0

Action                   |  1- 3 |  4- 6 |  7- 9 | 10-12 | 13-15 || total
-------------------------+-------+-------+-------+-------+-------++-------
Melee: Long sword        |    28 |    37 |       |     5 |   237 ||   307
       Whip              |       |   144 |   267 |   507 |  1142 ||  2060
       Unarmed           |       |    10 |       |       |       ||    10
       Hand axe          |       |       |       |       |   213 ||   213
Throw: Dart              |       |       |       |       |     1 ||     1
Invok: Potion Petition   |       |       |     1 |       |     6 ||     7
Evoke: Wand              |       |       |       |     5 |     3 ||     8
  Use: Potion            |     2 |       |     6 |    11 |    10 ||    29
       Scroll            |       |     1 |     2 |    14 |    15 ||    32
 Stab: Distracted        |       |       |     2 |     5 |    12 ||    19
       Invisible         |       |       |       |     1 |    11 ||    12
       Petrified         |       |       |       |       |     2 ||     2
       Petrifying        |       |       |       |       |     1 ||     1
       Sleeping          |       |       |       |       |     1 ||     1
       Held in net/web   |       |       |       |       |     1 ||     1
Armor: Scale mail        |    15 |    61 |     9 |       |       ||    85
       Skin              |       |     2 |       |    25 |       ||    27
       Leather armour    |       |       |    60 |   229 |   716 ||  1005
       Ring mail         |       |       |       |       |   234 ||   234
Dodge: Dodged            |     9 |    67 |    73 |   164 |   685 ||   998
Block: Buckler           |     3 |    47 |   124 |   279 |  1195 ||  1648
       Reflection        |       |       |     5 |     2 |    47 ||    54
